 Dungeon Crawl Stone Soup version 0.29-a0-982-gaed3a0c8d8 (webtiles) character file.

Game seed: 18349890235321492578

7 flotson the Sneak (level 1, -1/18 HPs)
             Began as a Demonspawn Delver on Aug 1, 2022.
             Slain by a phantom (3 damage)
             ... on level 5 of the Dungeon.
             The game lasted 00:01:00 (585 turns).

flotson the Sneak (Demonspawn Delver)                Turns: 585, Time: 00:01:02

Health: -1/18      AC:  5    Str: 12    XL:     1   Next: 83%
Magic:  1/1        EV: 10    Int: 11    God:
Gold:   23         SH:  0    Dex: 14    Spells: 0/0 levels left

rFire   . . .      SeeInvis .   a - +0 spear
rCold   . . .      Faith    .   (no shield)
rNeg    . . .      Spirit   .   i - +0 ring mail
rPois   .          Reflect  .   (no helmet)
rElec   .          Harm     .   (no cloak)
rCorr   .          Rampage  .   (no gloves)
Will    .....                   (no boots)
Stlth   ++........              (no amulet)
HPRegen 0.06/turn               (no ring)
MPRegen 0.07/turn               (no ring)

@: hasted, very quick
A: no striking features
a: no special abilities


You were on level 5 of the Dungeon.
You visited 1 branch of the dungeon, and saw 2 of its levels.

You collected 23 gold pieces.

Inventory:

Hand Weapons
 a - a +0 spear (weapon)
Armour
 i - a +0 ring mail (worn)
Wands
 g - a wand of digging (2)
Scrolls
 b - a scroll of poison {unknown}
 c - a scroll of fog
 d - a scroll of magic mapping
 h - a scroll of identify {unknown}


   Skills:
 + Level 3.1 Fighting
 - Level 1.7 Polearms
 + Level 0.4 Armour
 + Level 1.9 Dodging
 - Level 4.5 Stealth
 + Level 0.4 Evocations


You couldn't memorise any spells.
You didn't know any spells.
Your spell library contained the following spells:

 Spells                   Type           Power      Damage    Failure   Level
 Shock                    Conj/Air       0%         1d3       63%         1
 Swiftness                Air            0%         N/A       94%         3
 Airstrike                Air            0%         0-1+      100%        4


Dungeon Overview and Level Annotations

Branches:
Dungeon (5/15)
 Temple: D:4-7

Altars:


Message History

You kill the worm!
HP restored.
You pick up a book of Air and begin reading...
You add the spells Shock, Swiftness and Airstrike to your library.
You now have 23 gold pieces (gained 18).
A sourceless malevolence fills the Dungeon...
You fall into a shaft and drop 1 floor!
The shaft crumbles and collapses.
(D) Dungeon
Where to? (? - help)
Found a hand axe.
A phantom comes into view.
Aiming: Dig
Press: ? - help, Shift-Dir - straight line A rock wall.
The rock shatters into small pieces.
The orc shouts! x2
The orc priest attacks as you move away!
The orc priest hits you with a +0 hand axe.
The phantom attacks as you move away! The phantom barely misses you.
The orc hits you with a staff of earth.
There is a stone staircase leading up here.
The orc priest hits you but does no damage.
The orc closely misses you. The phantom hits you.
The phantom blinks!
You blink.
You stop ascending the stairs.
Unknown command.
As you read the scroll of fear, it crumbles to dust.
You assume a fearsome visage.
The orc priest looks frightened!
The phantom is unaffected.
The phantom hits you.
* * * LOW HITPOINT WARNING * * *
The phantom hits you.
* * * LOW HITPOINT WARNING * * *
The phantom barely misses you. The phantom attacks as you move away!
The phantom hits you.
* * * LOW HITPOINT WARNING * * *
The phantom attacks as you move away! The phantom barely misses you.
The phantom attacks as you move away!
The phantom hits you but does no damage.
You feel yourself speed up. The phantom hits you.
You die...

#...####.##.#####.#
#...# #...........#
#.# #...#
#..##.####..# #.#
#...# #o.##.# #.#
#...# #..##.# #.#
##.## #o.##.#
#.########.# #.###.#
##.#......#.# #W# #.#
...#......#.####@# #.#
...#......[......###.#
...########..).......#
...# ######.##### ...#
#.# ...#############.#
.................#
...#############.#
#..# #.#


You could see a phantom and 2 orcs.

Vanquished Creatures
  A worm (D:4)
  An orc (D:5)
  An endoplasm (D:4)
3 creatures vanquished.

Vanquished Creatures (others)
  3 plants (D:5)
3 creatures vanquished.

Grand Total: 6 creatures vanquished

Notes
Turn   | Place    | Note
-------+----------+-------------------------------------------
     0 | D:5      | flotson the Demonspawn Delver began the quest for the Orb.
     0 | D:5      | Reached XP level 1. HP: 18/18 MP: 1/1
   147 | D:5      | Noticed an orc priest
   560 | D:4      | You fall into a shaft and drop 1 floor!
   571 | D:5      | Noticed a phantom
   585 | D:5      | Slain by a phantom

Illustrated notes

Levels and vault maps discovered:
D:4:      layout_basic, chei_slow_surprise, ashenzari_conservatory_becter,
          gammafunk_ghost_cemetery, grunt_decor_mini_mirrors, uniq_ijyb,
          uniq_grinder, uniq_menkaure
D:5:      layout_basic, fedhas_altar_3, nicolae_hepliaklqana_hazy_memory,
          minmay_temple_entry_junction

Action                   || total
-------------------------++-------
Melee: Spear             ||    12
Evoke: Wand              ||     1
  Use: Scroll            ||     1
       Potion            ||     1
 Stab: Sleeping          ||     1
Armor: Ring mail         ||     2
Dodge: Dodged            ||     5

Table legend: (Time is in decaauts)
 A = Elapsed time spent in this place.
 B = Non-inter-level travel time spent in this place.
 C = Inter-level travel time spent in this place.
 D = Time resting spent in this place.
 E = Time spent auto-exploring this place.
 F = Levels seen in this place.
 G = Mean time per level.
                   A        B        C        D        E       F      G
               +--------+--------+--------+--------+--------+-----+--------+
         Total |    584 |    577 |      7 |     94 |    411 |   2 |  292.0 |
       Dungeon |    584 |    577 |      7 |     94 |    411 |   2 |  292.0 |
               +--------+--------+--------+--------+--------+-----+--------+

Top non-repeatable levels by time:
     D:4: 410 daAuts
     D:5: 174 daAuts
